 Dungeon Crawl Stone Soup version 0.31.0-11-ge490571c62 (webtiles) character file.

Game seed: 9175177220916023396

1682 wormsofcant the Changeling (level 8, -6/62 HPs)
             Began as an Armataur Shapeshifter on Feb 5, 2024.
             Was a Believer of Qazlal.
             Mangled by Duvessa
             ... wielding a +0 rapier
              (9 damage)
             ... on level 6 of the Dungeon.
             The game lasted 00:07:15 (4179 turns).

wormsofcant the Changeling (Armataur Shapeshifter)  Turns: 4179, Time: 00:07:15

Health: -6/62      AC:  4    Str: 21    XL:     8   Next: 71%
Magic:  6/12       EV: 14    Int: 23    God:    Qazlal [**....]
Gold:   241        SH:  3    Dex: 10    Spells: 4/7 levels left

rFire   + + .        a - +7 whip "Vittiak" {venom, rF++ Int+6 Stlth-}
rCold   . . .        u - orb {light}
rNeg    . . .        z - +0 animal skin
rPois   .            (helmet currently unavailable)
rElec   .            (cloak currently unavailable)
rCorr   .            (gloves currently unavailable)
SInv    .            (no barding)
Will    .....        (no amulet) Stlth
                     K - +6 ring of intelligence
HPRegen 0.30/turn    t - +5 ring of evasion
MPRegen 0.13/turn

%: roll
@: beast-form, glowing
A: beast (slay +4), large, deformed body, tough skin 3, armoured tail, roll 2
a: Begin Untransformation, Renounce Religion, Upheaval


You were on level 6 of the Dungeon.
You worshipped Qazlal.
Qazlal was pleased with you.
You were a hulking beast.
You visited 1 branch of the dungeon, and saw 6 of its levels.

You collected 241 gold pieces.

Inventory:

Hand Weapons
 a - the +7 whip "Vittiak" (weapon) {venom, rF++ Int+6 Stlth-}
   (You found it on level 3 of the Dungeon)

   Int+6:     It affects your intelligence (+6).
   rF++:      It greatly protects you from fire.
   Stlth-:    It makes you less stealthy.
 b - a +0 sling
Missiles
 h - 6 curare-tipped darts
 n - 11 poisoned darts
 o - 3 javelins
 y - 2 boomerangs (quivered)
 G - a throwing net
Armour
 r - a +0 helmet
 u - an orb of light (worn)
 x - a +0 cloak
 z - a +0 animal skin (worn)
 E - a +3 chain mail of poison resistance
Jewellery
 e - a ring of poison resistance
 m - a ring of willpower
 t - a +5 ring of evasion (right hand)
 w - a ring of positive energy
 B - a ring of protection from fire
 K - a +6 ring of intelligence (left hand)
Talismans
 c - a beast talisman
 d - a flux talisman
Wands
 D - a wand of flame (20)
 H - a wand of charming (4)
 L - a wand of quicksilver (6)
Scrolls
 j - a scroll of noise {unknown}
 k - a scroll of fear {unknown}
 l - 7 scrolls of identify {unknown}
 p - 2 scrolls of enchant weapon {unknown}
 q - 2 scrolls of teleportation {unknown}
 A - a scroll of poison {unknown}
 C - a scroll of summoning {unknown}
 J - a scroll of revelation {unknown}
Potions
 f - a potion of lignification
 g - a potion of attraction {unknown}
 i - 2 potions of curing {unknown}
 s - a potion of mutation {unknown}
 v - 2 potions of heal wounds {unknown}
 F - a potion of magic {unknown}
 I - a potion of ambrosia {unknown}
 M - a potion of brilliance {unknown}


   Skills:
 * Level 2.3 Fighting
 - Level 4.0 Maces & Flails
 - Level 1.3 Dodging
 - Level 2.6 Unarmed Combat
 - Level 6.0 Invocations
 - Level 7.0 Shapeshifting


You had 4 spell levels left.
You knew the following spells:

 Your Spells              Type           Power      Damage    Failure   Level
a - Kiss of Death         Conj/Necr      0%         2d5       16%         1
Q - Blink                 Tloc           0%         N/A       24%         2

Your spell library contained the following spells:

 Spells                   Type           Power      Damage    Failure   Level
 Magic Dart               Conj           0%         1d3       16%         1
 Sandblast                Erth           0%         2d4       16%         1
 Call Imp                 Summ           0%         N/A       24%         2
 Sublimation of Blood     Necr           0%         N/A       24%         2
 Call Canine Familiar     Summ           0%         N/A       43%         3
 Confusing Touch          Hex            0%         N/A       43%         3
 Passwall                 Erth           0%         N/A       43%         3
 Sigil of Binding         Hex            0%         N/A       43%         3
 Stone Arrow              Conj/Erth      0%         3d7       43%         3
 Brom's Barrelling Bould  Conj/Erth      0%         2d3       83%         4
 Dimensional Bullseye     Hex/Tloc       0%         N/A       83%         4
 Dispel Undead            Necr           0%         3d6       83%         4
 Summon Hydra             Summ           0%         N/A       100%        7


Dungeon Overview and Level Annotations

Branches:
Dungeon (6/15)
 Temple: D:4-7

Altars:
Qazlal
Uskayaw

Shops:
D:2 :

Annotations:
D:6 Duvessa


Innate Abilities, Weirdness & Mutations

You are a hulking beast.
Your limbs bulge with bestial killing power. (Slay +4)
Armour fits poorly on your strangely shaped body.
You have extremely tough skin. (AC +3)
You have a long armoured tail.
You regenerate magic and health when rolling toward enemies. (Rampage Regen)


Message History

Qazlal accepts your kill.
You can now give life to nearby clouds.
Duvessa screams, "No!
How DARE you!"
Duvessa goes berserk!
Duvessa hits you with a +0 rapier.
Your Fighting skill increases to level 2!
You hit Duvessa but do no damage.
Duvessa looks as sick as possible!
Duvessa is heavily wounded.
Duvessa closely misses you. Duvessa misses you.
Unknown command.
You hit Duvessa.
Duvessa is severely wounded.
You hear a howl!
Duvessa hits you with a +0 rapier!
Unknown command.
You hit Duvessa but do no damage.
Duvessa looks as sick as possible!
Duvessa is severely wounded.
Duvessa closely misses you.
Unknown command.
You barely miss Duvessa.
Duvessa is severely wounded.
Duvessa hits you with a +0 rapier! x2
* * * LOW HITPOINT WARNING * * *
Unknown command.
Aiming: Upheaval
Press: ? - help, Dir - move target, f - Duvessa
Aim: Duvessa, wielding a +0 rapier and wearing a +0 chain mail (severely wounded, berserk, extremely poisoned, haloed)
A blizzard blasts the area with ice!
The blast of ice hits Duvessa!
Duvessa is almost dead.
Duvessa is flash-frozen.
You can no longer give life to nearby clouds.
Duvessa hits you with a +0 rapier!
* * * LOW HITPOINT WARNING * * *
Aiming: Upheaval
Press: ? - help, Dir - move target, f/p - Duvessa
Aim: Duvessa, wielding a +0 rapier and wearing a +0 chain mail (almost dead, berserk, encased in ice, extremely poisoned, haloed)
The ground shakes violently, spewing rubble!
The blast of rubble hits Duvessa but does no damage.
Duvessa is almost dead.
Duvessa hits you with a +0 rapier!
You die...

### .. #.###. ##.. ..
#######.. .. ####
#.......## ##.# #..
#).###..# #.#
##h.##..###.#
##e[###...<..#
#..##.##.....#
##..#.#.†###.#####.
##.................
..#.#..........##..#.##
......†...>...†......#
....#####.##.#.##.##.#
..## #.#....# # ..


You could see Duvessa (berserk, frozen, extremely poisoned).

Vanquished Creatures
  Grinder (D:4)
  Prince Ribbit (D:5)
  Eustachio (D:4)
  A steam dragon (D:5)
  Menkaure (D:5)
  An ice beast (D:6)
  An ogre (D:5)
  2 scorpions (D:5)
  A bullfrog (D:6)
  Dowan (D:6)
  A howler monkey (D:5)
  Crazy Yiuf (D:5)
  A jelly (D:5)
  2 hounds
  Ijyb (D:4)
  Natasha (thrice) (D:3)
  3 iguanas
  An orc wizard (D:4)
  6 adders
  3 ribbon worms
  2 dart slugs
  9 orcs
  7 endoplasms
  4 giant cockroaches
  5 goblins
  3 hobgoblins
  2 quokkas
  9 ball pythons
  5 bats
  2 frilled lizards
  6 kobolds
  7 rats
94 creatures vanquished.

Notes
Turn   | Place    | Note
-------+----------+-------------------------------------------
     0 | D:1      | wormsofcant the Armataur Shapeshifter began the quest for
                  | the Orb.
     0 | D:1      | Reached XP level 1. HP: 15/15 MP: 1/1
    87 | D:1      | Reached skill level 3 in Shapeshifting
   142 | D:1      | Reached XP level 2. HP: 22/22 MP: 2/2
   149 | D:1      | Learned a level 1 spell: Kiss of Death
   663 | D:1      | Found a faded altar of an unknown god.
   695 | D:1      | Prayed at the altar of an unknown god.
   695 | D:1      | Became a worshipper of Qazlal Stormbringer
   695 | D:1      | Reached * piety under Qazlal
   794 | D:2      | Found Kajuor's Book Shop.
   838 | D:2      | Reached XP level 3. HP: 27/27 MP: 3/3
  1502 | D:3      | Reached skill level 4 in Shapeshifting
  1522 | D:3      | Found a hide-covered altar of Uskayaw.
  1628 | D:3      | Noticed Natasha
  1643 | D:3      | Killed Natasha
  1644 | D:3      | Reached XP level 4. HP: 14/34 MP: 4/4
  1765 | D:3      | Identified the +7 whip "Vittiak" {venom, rF++ Int+6 Stlth-}
  2045 | D:3      | Noticed Natasha
  2055 | D:3      | Killed Natasha
  2055 | D:3      | Reached ** piety under Qazlal
  2137 | D:4      | Noticed Eustachio
  2142 | D:4      | Killed Eustachio
  2143 | D:4      | Reached skill level 5 in Shapeshifting
  2143 | D:4      | Reached XP level 5. HP: 31/39 MP: 5/5
  2143 | D:4      | Reached XP level 6. HP: 37/46 MP: 6/6
  2238 | D:3      | Noticed Natasha
  2243 | D:3      | Killed Natasha
  2344 | D:4      | Noticed Ijyb
  2354 | D:4      | Killed Ijyb
  2355 | D:4      | Reached skill level 6 in Shapeshifting
  2980 | D:4      | Noticed Grinder
  3007 | D:4      | Killed Grinder
  3008 | D:4      | Reached skill level 7 in Shapeshifting
  3008 | D:4      | Reached skill level 1 in Invocations
  3008 | D:4      | Gained mutation: You regenerate magic and health when
                  | rolling toward enemies. (Rampage Regen) [Armataur growth]
  3008 | D:4      | Reached XP level 7. HP: 51/51 MP: 3/8
  3318 | D:5      | Entered Level 5 of the Dungeon
  3318 | D:5      | Noticed Prince Ribbit
  3326 | D:5      | Killed Prince Ribbit
  3510 | D:5      | Found a runed translucent door.
  3511 | D:5      | Noticed Crazy Yiuf
  3517 | D:5      | Killed Crazy Yiuf
  3619 | D:5      | Reached skill level 5 in Invocations
  3619 | D:5      | Reached XP level 8. HP: 58/58 MP: 11/11
  3628 | D:5      | Noticed Menkaure
  3646 | D:5      | Killed Menkaure
  3748 | D:5      | Reached skill level 1 in Maces & Flails
  3926 | D:5      | Learned a level 2 spell: Blink
  4160 | D:6      | Reached skill level 1 in Fighting
  4166 | D:6      | Noticed Dowan
  4170 | D:6      | Noticed Duvessa
  4173 | D:6      | Killed Dowan
  4173 | D:6      | Reached *** piety under Qazlal
  4178 | D:6      | HP: 3/62 [Duvessa/+0 rapier (7)]
  4179 | D:6      | Mangled by Duvessa

Illustrated notes

Levels and vault maps discovered:
D:1:      beargit_arrival_greenhouse, layout_basic,
          hellmonk_ecumenical_altar_lost_god
D:2:      layout_basic, serial_shops, shop, small_statue_intersection
D:3:      layout_basic, nicolae_uskayaw_murder_on_the_dancefloor,
          minmay_misc_feat_enclosed, uniq_natasha
D:4:      layout_basic, hangedman_decor_points, uniq_grinder, uniq_ijyb,
          uniq_eustachio
D:5:      layout_cave_pods, uniq_menkaure, uniq_crazy_yiuf_cottage,
          uniq_prince_ribbit1
D:6:      layout_loops_ring, minmay_temple_entry_nine_rooms,
          minmay_misc_feat_more_columns, minmay_between, uniq_jeremiah,
          uniq_duvessa

Skill      XL: |  1  2  3  4  5  6  7  8 |
---------------+-------------------------+-----
Shapeshifting  | 3 4 5 7 |  7.0
Invocations    | 1 5 6 |  6.0
Maces & Flails | 4 |  4.0
Fighting       | 2 |  2.3
Dodging        | |  1.3
Unarmed Combat | |  2.6

Action                     |  1- 3 |  4- 6 |  7- 9 || total
---------------------------+-------+-------+-------++-------
  Melee: Unarmed           |    43 |     4 |       ||    47
         Tailslap          |     2 |     5 |    13 ||    20
         Whip              |       |    54 |    51 ||   105
   Fire: Sling             |    91 |       |       ||    91
 Invoke: Upheaval          |       |     1 |     2 ||     3
    Use: Potion            |     1 |     1 |       ||     2
 Armour: Animal skin       |    41 |    19 |    27 ||    87
         Skin              |    31 |     1 |       ||    32
  Dodge: Dodged            |    52 |    28 |    26 ||   106
  Block: Other             |     3 |       |       ||     3
